 Dungeon Crawl Stone Soup version 0.18-a0-312-g61bb5a5 (webtiles) character file.

70 Ordine the Poker (level 4, 5/33 HPs)
             Began as a Merfolk Skald on Nov 27, 2015.
             Quit the game on level 6 of the Dungeon.
             The game lasted 00:05:15 (2604 turns).

Ordine the Poker (Merfolk Skald)                    Turns: 2604, Time: 00:05:16

Health: 5/33       AC:  5    Str: 12    XL:     4   Next: 22%
Magic:  7/7        EV: 11    Int: 12    God:
Gold:   166        SH:  0    Dex: 13    Spells: 3 memorised, 2 levels left

rFire  . . .     SeeInvis .     a - +1 spear
rCold  . . .     Clarity  .     b - +0 leather armour
rNeg   . . .     SustAt   .     (no shield)
rPois  .         Gourm    .     (no helmet)
rElec  .         Spirit   .     (no cloak)
rCorr  .         Warding  .     j - +0 pair of gloves
rMut   .         Stasis   .     e - +0 pair of boots
MR     .....                    (no amulet)
Stlth  +.........               (no ring)
                                (no ring)

@: not resistant to hostile enchantments, very unstealthy
A: change form in water, swift swim
a: no special abilities


You were on level 6 of the Dungeon.
You were hungry.

You visited 1 branch of the dungeon, and saw 4 of its levels.

You collected 166 gold pieces.

Inventory:

Hand Weapons
 a - a +1 spear (weapon)
Armour
 b - a +0 leather armour (worn)
 e - a +0 pair of boots (worn)
 j - a +0 pair of gloves (worn)
 r - a +0 robe of positive energy
Scrolls
 m - 3 scrolls of remove curse
 n - a scroll of enchant weapon
Potions
 g - a potion of flight
 h - a potion of magic
 k - a potion of ambrosia {unknown}
 o - 2 potions of heal wounds {unknown}
 p - a potion of poison {unknown}
 q - a potion of lignification {unknown}
Books
 c - a book of Battle

   Spells                             Type                      Level
   a - Infusion                       Charms                       1
   b - Shroud of Golubria             Charms/Translocation         2
   c - Song of Slaying                Charms                       2
   d - Spectral Weapon                Hexes/Charms                 3
   e - Regeneration                   Charms/Necromancy            3
Comestibles
 d - 2 bread rations
 f - 3 meat rations
 i - 3 fruits
 l - a beef jerky


   Skills:
 - Level 2.1 Fighting
 + Level 5.1 Polearms
 - Level 0.6 Armour
 - Level 1.3 Dodging
 - Level 2.0 Spellcasting
 + Level 4.3 Charms


You had 2 spell levels left.
You knew the following spells:

 Your Spells              Type           Power        Failure   Level  Hunger
a - Infusion              Chrm           ##....       8%          1    ##.....
b - Song of Slaying       Chrm           ##......     12%         2    ###....
c - Shroud of Golubria    Chrm/Tloc      #.........   24%         2    ###....


Dungeon Overview and Level Annotations

Branches:
Dungeon (6/15)
 Temple: D:4-7

Altars:


Message History

Magic courses through your body.
You are no longer magically infusing your attacks.
The orc priest barely misses you.
An orc wizard comes into view. It is wielding a dagger.
You barely miss the orc priest.
The orc priest is almost dead.
The orc wizard moves out of view.
An orc comes into view. It is wielding a falchion.
The orc shouts!
You hit the orc priest but do no damage.
The orc priest is almost dead.
The orc moves out of view.
The orc priest mumbles some strange prayers to Beogh against you.
Something smites you!
* * * LOW HITPOINT WARNING * * *
An orc comes into view. It is wielding a mace.
The orc shouts!
Quiver which item? (- for none, * to show all) (? for menu, Esc to quit)
Okay, then.
Are you sure you want to abandon this character and quit the game? (Confirm with "yes".)

..... ...o .#
... .# .. ..#
#o ...#
#.####..(#.
#.o........
+.@.$......
#.W........
#..........
#........###
..........#
............#
.)..........#
####........#
#........#


You could see a phantom, an orc priest, an orc wizard and an orc.

Vanquished Creatures
  2 adders (D:2)
  An ooze (D:1)
  2 worms
  A giant gecko (D:2)
  4 giant cockroaches
  3 hobgoblins
  A jackal (D:3)
  2 kobolds (D:1)
  6 bats
  3 giant newts
  8 goblins
  8 rats
41 creatures vanquished.

Notes
Turn   | Place    | Note
--------------------------------------------------------------
     0 | D:1      | Ordine the Merfolk Skald began the quest for the Orb.
     0 | D:1      | Reached XP level 1. HP: 16/16 MP: 3/3
   104 | D:1      | Reached XP level 2. HP: 13/22 MP: 5/5
   350 | D:1      | Learned a level 2 spell: Song of Slaying
  1004 | D:1      | Reached skill level 4 in Polearms
  1229 | D:1      | Gained mutation: You are occasionally teleported to nearby monsters. [potion of mutation]
  1229 | D:1      | Gained mutation: Your flesh is cold resistant. [potion of mutation]
  1229 | D:1      | Gained mutation: Your magical capacity is low (-10% MP). [potion of mutation]
  1250 | D:2      | Reached XP level 3. HP: 27/27 MP: 5/5
  1320 | D:2      | Lost mutation: Your magical capacity is low (-10% MP). [potion of cure mutation]
  1320 | D:2      | Lost mutation: Your flesh is cold resistant. [potion of cure mutation]
  1320 | D:2      | Lost mutation: You are occasionally teleported to nearby monsters. [potion of cure mutation]
  1480 | D:2      | Learned a level 2 spell: Shroud of Golubria
  2136 | D:3      | Reached XP level 4. HP: 33/33 MP: 7/7
  2267 | D:3      | Reached skill level 5 in Polearms
  2578 | D:3      | You fall through a shaft for 3 floors!
  2578 | D:6      | Noticed a phantom
  2604 | D:6      | Quit the game

Vault maps used:
D:1:      noname_arrival_rooms_in_the_neighbourhood
D:2:      supply_closet_lemuel, minmay_goblin_kobold_house
D:3:      kennysheep_six_static_rooms, gammafunk_temple_overflow_wave
D:6:      nicolae_ru_path_of_blood, grunt_ministairs_2, minmay_bad_closet

Action                   |  1- 3 |  4- 6 || total
-------------------------+-------+-------++-------
Melee: Spear             |   142 |    49 ||   191
 Cast: Shroud of Golubri |       |     1 ||     1
       Infusion          |       |     1 ||     1
  Use: Scroll            |     9 |     1 ||    10
       Potion            |     2 |     1 ||     3
 Stab: Sleeping          |     3 |       ||     3
  Eat: Chunk             |     3 |     2 ||     5
